 Dungeon Sprint DCSS version 0.31-a0-460-g9e667d4245 (webtiles) character file.

Game seed: 14445684916736088059

60 rocky1 the Changeling (level 4, -9/42 HPs)
             Began as an Octopode Shapeshifter on Aug 5, 2023.
             Mangled by an iguana (14 damage)
             ... in the Dungeon (Sprint IX: "|||||||||||||||||||||||||||||").
             The game lasted 00:00:17 (141 turns).

rocky1 the Changeling (Octopode Shapeshifter)        Turns: 141, Time: 00:00:18

Health: -9/42      AC:  1    Str: 14    XL:     4   Next: 6%
Magic:  4/4        EV: 13    Int: 10    God:
Gold:   0          SH:  0    Dex: 14    Spells: 3/3 levels left

rFire   . .          .
                       - Unarmed
rCold   . . .        (no shield)
rNeg    . . .        (helmet currently unavailable)
rPois   .            (no amulet)
rElec   .            (no ring)
rCorr   .            (no ring)
SInv    .            (no ring)
Will    .....        (no ring) Stlth
                     (no ring)
HPRegen 0.27/turn    (no ring)
MPRegen 0.09/turn    (no ring)
                     (no ring)

%: no teleportation
@: berserking, beast-form, very quick
A: beast (slay +3), almost no armour, amphibious, 8 rings, camouflage 1,
gelatinous body 1, (nimble swimmer 1), tentacles
a: Begin Untransformation


You were in the Dungeon.
You were a hulking beast.
You visited 1 branch

Inventory:

Talismans
 b - a beast talisman (active)
Scrolls
 h - a scroll of blinking
Potions
 a - a potion of lignification
 c - a potion of curing
 e - a potion of haste
 f - 2 potions of magic


   Skills:
 + Level 1.1 Fighting
 + Level 2.7 Dodging
 + Level 1.5 Stealth
 + Level 5.1 Unarmed Combat
 + Level 5.6 Shapeshifting


You had 3 spell levels left.
You didn't know any spells.
Your spell library was empty.

Dungeon Overview and Level Annotations

Branches:
Dungeon (1/1)

Altars:


Innate Abilities, Weirdness & Mutations

You are a hulking beast.
Your limbs bulge with bestial killing power. (Slay +3)
You cannot wear most types of armour.
You are amphibious.
You can wear up to eight rings at the same time.
Your skin changes colour to match your surroundings (Stealth+).
Your rubbery body absorbs attacks. (AC +1, EV +1)
((You are camouflaged when in or above water. (Stealth+)))
You have tentacles for arms and can constrict up to eight enemies at once.


Message History

A hound, 2 iguanas and 2 orcs come into view.
The iguana hisses angrily.
The hound barks!
The iguana hisses angrily.
The orc shouts!
You closely miss the iguana.
The orc shouts!
You grab the iguana.
You tentacle-slap the iguana, but do no damage.
You constrict the iguana, but do no damage.
The iguana bites you!
Ouch! That really hurt!
* * * LOW HITPOINT WARNING * * *
You feel much better.
You constrict the iguana. The iguana bites you.
A red film seems to cover your vision as you go berserk!
You feel yourself moving faster!
You feel mighty!
You constrict the iguana, but do no damage.
The iguana bites you!
Ouch! That really hurt!
* * * LOW HITPOINT WARNING * * *
You tentacle-slap the iguana.
The iguana is moderately wounded.
You constrict the iguana, but do no damage.
You bludgeon the iguana!
The iguana is almost dead.
You constrict the iguana.
You kill the iguana!
Your Stealth skill increases to level 1!
Your Unarmed Combat skill increases to level 4!
Your Shapeshifting skill gained 2 levels and is now at level 5!
You have reached level 2!
You have reached level 3!
Your experience leads to an increase in your attributes!
Increase (S)trength, (I)ntelligence, or (D)exterity?
You feel agile. x2
Unknown command.
You bludgeon the hound! You grab the hound. You squeeze the hound!
You kill the hound!
Your Unarmed Combat skill increases to level 5!
You have reached level 4!
The iguana bites you!
You die...

▓.▓
▓.▓
▓'▓
▓†▓
▓.▓
▓)▓
▓.▓
▓.▓
▓h▓
▓l▓
▓o▓
▓.▓
▓o▓
▓.▓
▓+▓


You could see an iguana and 2 orcs.

Vanquished Creatures
  A hound (D)
  An iguana (D)
  An endoplasm (D)
  A giant cockroach (D)
  A goblin (D)
  A frilled lizard (D)
  A rat (D)
7 creatures vanquished.

Notes
Turn   | Place    | Note
-------+----------+-------------------------------------------
     0 | D        | rocky1 the Octopode Shapeshifter began the quest for the
                  | Orb.
     0 | D        | Reached XP level 1. HP: 13/13 MP: 1/1
   134 | D        | Noticed an iguana
   134 | D        | Noticed a hound
   134 | D        | Noticed an iguana
   139 | D        | Killed an iguana
   140 | D        | Reached skill level 1 in Stealth
   140 | D        | Reached skill level 5 in Shapeshifting
   140 | D        | Reached XP level 2. HP: 3/18 MP: 2/2
   140 | D        | Reached XP level 3. HP: 3/23 MP: 3/3
   141 | D        | Reached skill level 5 in Unarmed Combat
   141 | D        | Reached XP level 4. HP: 4/28 MP: 4/4
   141 | D        | Mangled by an iguana

Illustrated notes

Levels and vault maps discovered:
D:        linesprint [early_d, line_temple, items_1, d_10, items_2, lair_1,
          lair_end, items_3, orc_1, orc_end, items_4, d_15, swamp_1, shoals_1,
          snake_1, spider_1, d_20, vaults_1, items_5, swamp_end, shoals_end,
          snake_end, spider_end, vaults_end, d_27, items_6, zot_1, zot_end,
          crypt_end, forest_end, elf_end, slime_end, tomb_end, abyss_end,
          pan_hell_end]

Skill      XL: |  1  2  3 |
---------------+----------+-----
Stealth        | 1 |  1.5
Unarmed Combat | 4 5 |  5.1
Shapeshifting  | 5 |  5.6
Fighting       | |  1.1
Dodging        | |  2.7

Action                     |  1- 3 |  4- 6 || total
---------------------------+-------+-------++-------
  Melee: Unarmed           |    11 |       ||    11
         Constrict         |     4 |       ||     4
         Tentacles         |     2 |       ||     2
         Punch             |     1 |       ||     1
    Use: Potion            |     2 |       ||     2
   Stab: Sleeping          |     1 |       ||     1
  Dodge: Dodged            |     2 |       ||     2

Table legend: (Time is in decaauts)
 A = Elapsed time spent in this place.
 B = Non-inter-level travel time spent in this place.
 C = Inter-level travel time spent in this place.
 D = Time resting spent in this place.
 E = Time spent auto-exploring this place.
 F = Levels seen in this place.
 G = Mean time per level.
                   A        B        C        D        E       F      G
               +--------+--------+--------+--------+--------+-----+--------+
         Total |    139 |    139 |      0 |    117 |      0 |   1 |  139.0 |
       Dungeon |    139 |    139 |      0 |    117 |      0 |   1 |  139.0 |
               +--------+--------+--------+--------+--------+-----+--------+

Top non-repeatable levels by time:
       D: 139 daAuts
